Cogmind - Beta 13 @@@ ROGUE MODE // 2024.05.13 @ 13:43:13 Player: CONM Result: Destroyed self with Rocket Launcher Performance ------------- Evolutions (0) 0 Regions Visited (2) 400 Robots Destroyed (15) 75 Value Destroyed (376) 376 Prototype IDs (0) 0 Alien Tech Used (0) 0 Bonus (0) 0 TOTAL SCORE: 851 Bonus ------- None Cogmind --------- Core Integrity 0/250 Matter 248/300 Energy 149/160 System Corruption 0% Temperature Cool (0) Movement Hovering (116) Ox1 Location -10/Mines Parts ------- > --- POWER (1) -------- Light Nuclear Core > --- PROPULSION (2) --- Improved Hover Unit Improved Hover Unit > --- UTILITY (2) ------ Small Storage Unit Improved Terrain Scanner > --- WEAPON (2) ------- Rocket Launcher Rocket Launcher > --- INVENTORY (8) ---- Light Ion Engine Improved Hover Unit Large Storage Unit Signal Interpreter Rocket Launcher Peak State ------------ > --- POWER ------------ Light Nuclear Core > --- PROPULSION ------- Improved Hover Unit Improved Hover Unit > --- UTILITY ---------- Small Storage Unit Improved Terrain Scanner > --- WEAPON ----------- Rocket Launcher Rocket Launcher > --- INVENTORY -------- Light Ion Engine Improved Hover Unit Large Storage Unit Signal Interpreter Rocket Launcher [Rating: 15] Favorites ----------- Power Light Ion Engine Engine Light Ion Engine Power Core Light Nuclear Core Propulsion Compact Wheel Leg Aluminum Leg Wheel Compact Wheel Hover Unit Improved Hover Unit Utility Large Storage Unit Device Seismic Detector Storage Large Storage Unit Weapon Light Assault Rifle Ballistic Gun Light Assault Rifle Launcher Grenade Launcher Build | -11 -10 -10 ------- Run | Yrd Mat Min Slots Evolved . | . . . Power . | . . . Propulsion . | . . . Utility . | . . . Weapon . | . . . Parts Attached 26 | 7 8 11 Power 3 | 1 1 1 Engine 2 | 1 1 . Core 1 | . . 1 Reactor . | . . . Propulsion 7 | 2 2 3 Treads . | . . . Leg 2 | 2 . . Wheel 2 | . 2 . Hover 3 | . . 3 Flight . | . . . Utility 6 | 2 2 2 Device 3 | 1 1 1 Storage 3 | 1 1 1 Processor . | . . . Hackware . | . . . Protection . | . . . Artifact . | . . . Weapon 10 | 2 3 5 Energy Gun . | . . . Energy Cannon . | . . . Ballistic Gun 4 | 2 1 1 Ballistic Cannon . | . . . Launcher 6 | . 2 4 Special Weapon . | . . . Impact Weapon . | . . . Slashing Weapon . | . . . Piercing Weapon . | . . . Special Melee Weapon . | . . . Unidentified Prototypes . | . . . Parts Lost 9 | . 5 4 Power 1 | . 1 . Propulsion 3 | . 1 2 Utility 2 | . 1 1 Weapon 3 | . 2 1 Highest Loss Streak 4 | . 4 3 To Critical Strikes . | . . . Average Slot Usage (%) 84 | . 89 73 Engine 6 | . 9 . Core 2 | . . 9 Leg 7 | . 10 . Wheel 10 | . 14 2 Hover 5 | . . 19 Device 12 | . 12 12 Storage 14 | . 14 14 Ballistic Gun 19 | . 23 9 Launcher 4 | . 3 5 Naked Turns . | . . . Heaviest Build 29 | 12 29 25 Greatest Support 32 | 20 32 16 Greatest Overweight (x) 8 | 1 1 8 Average Overweight (x) . | . . . Largest Inventory Capacity 15 | 8 15 15 Average Capacity 11 | 7 12 10 Most Carried 15 | 3 15 13 Average Carried 9 | 1 10 8 Final Capacity 15 | 8 15 8 Final Carried 13 | 3 13 5 Class Distribution -------------------- 100% | Mutant Dominant Class ---------------- Mutant | -10/Materials Mutant | -10/Mines Resources | -11 -10 -10 ----------- Run | Yrd Mat Min Matter Collected 635 | 204 273 158 Remotely . | . . . Salvage Created 318 | 68 196 54 Parts 27 | 10 16 1 Haulers Intercepted . | . . . Recyclers Shooed 1 | 1 . . Parts Field Recycled . | . . . Retrieved Matter . | . . . Parts Self-Destructed . | . . . Prevented . | . . . Kills | -11 -10 -10 ------- Run | Yrd Mat Min Combat Hostiles Destroyed 15 | . 9 6 Guns 2 | . 2 . AOE 13 | . 7 6 Classes Destroyed 5 | 1 3 1 Worker 1 | . 1 . Tunneler 3 | 3 . . Swarmer 4 | . 4 . Grunt 7 | . 5 2 Assembled 4 | . . 4 Best Kill Streak 3 | 2 3 3 Combat Bots Only 3 | . 3 3 Max Kills in Single Turn 3 | 1 3 2 Gunslinging . | . . . Exploded 2 | . 2 2 Melee . | . . . Uniques/NPCs Destroyed . | . . . Combat | -11 -10 -10 -------- Run | Yrd Mat Min Hostile Shots Fired 105 | . 95 10 Missed 31 | . 28 3 Damage Taken 1044 | . 657 387 Core 256 | . 161 95 Absorbed by Shields . | . . . Core Remaining (%) 100 | 100 . . Volleys Fired 33 | 6 22 5 Largest 2 | 2 2 2 Hottest 66 | 40 53 66 Shots Fired 63 | 12 42 9 Gun 45 | 12 31 2 Cannon . | . . . Launcher 18 | . 11 7 Special . | . . . Kinetic 45 | 12 31 2 Thermal . | . . . Explosive 18 | . 11 7 Electromagnetic . | . . . Robot Hit Streak 7 | 2 7 4 Robot Miss Streak 5 | 2 5 3 Penetration Max . | . . . Secondary Targets 1 | . 1 . Max Gunslinging Chain 1 | . 1 . Shots Hit Robots 31 | 4 20 7 Core Hits 29 | 4 15 10 Critical Kills . | . . . Critical Parts Destroyed 1 | . 1 . Critical Strikes 1 | . 1 . Destroy 1 | . 1 . Melee Attacks . | . . . Impact . | . . . Slashing . | . . . Piercing . | . . . Sneak Attacks . | . . . Combat Hostiles . | . . . Follow-up Attacks . | . . . Damage Inflicted 1182 | 64 663 455 Guns 249 | 64 178 7 Cannons . | . . . Explosions 923 | . 485 438 Melee . | . . . Ramming 10 | . . 10 Kinetic 249 | 64 178 7 Thermal 85 | . . 85 Explosive 838 | . 485 353 Electromagnetic . | . . . Impact . | . . . Slashing . | . . . Piercing . | . . . Highest Corruption . | . . . Average Corruption . | . . . Corruption Purged . | . . . Corruption Blocked . | . . . Overload Shots . | . . . Overflow Damage 60 | . 27 33 Projectiles . | . . . Explosions 60 | . 27 33 Melee . | . . . Knockbacks . | . . . Impact . | . . . Kinetic . | . . . Secondary . | . . . Self-Inflicted Damage 208 | . 45 163 Shots 11 | . 5 6 Rammed 1 | . . 1 Targets Rammed 1 | . . 1 Kicked . | . . . Crushed . | . . . Highest Temperature 36 | . 27 36 Average Temperature 12 | . 8 18 Received Heat Transfer 162 | . 144 18 Siege Activations . | . . . Robots Corrupted . | . . . Combat Hostiles . | . . . Parts Fried . | . . . Impact Corruptions . | . . . Robots Melted . | . . . Combat Hostiles . | . . . Parts Melted . | . . . Heat Transferred 100 | . . 100 Parts Sabotaged . | . . . Parts Stolen . | . . . Parts Stripped . | . . . Power Chain Reactions . | . . . Alert | -11 -10 -10 ------- Run | Yrd Mat Min Peak Influence 312 | 15 312 285 Initial 121 | . 9 121 Average 141 | 5 125 236 Maximum Alert Level 1 | . 1 1 Low Security (%) 62 | 100 76 14 Level 1 37 | . 23 85 Level 2 . | . . . Level 3 . | . . . Level 4 . | . . . Level 5 . | . . . High Security . | . . . Max Security . | . . . Squads Dispatched 3 | . 3 . Investigation 1 | . 1 . Extermination . | . . . Reinforcement 2 | . 2 . Assault . | . . . Garrison . | . . . Intercept . | . . . Searches Triggered . | . . . Construction Impeded . | . . . Haulers Reinforced . | . . . Active Scanning Responses . | . . . Cargo Convoy Interrupts . | . . . Stealth | -11 -10 -10 --------- Run | Yrd Mat Min Distress Signals 1 | . . 1 Communications Jammed . | . . . Distress Signals . | . . . Times Spotted 39 | . 22 17 Peak Tracking Total 20 | . 9 20 Tactical Retreats 5 | . 2 3 Traps | -11 -10 -10 ------- Run | Yrd Mat Min Traps Triggered 1 | . 1 . Indirectly . | . . . Trap Hack Attempts . | . . . Triggered . | . . . Disarmed . | . . . Reprogrammed . | . . . Reused . | . . . Traps Extracted . | . . . Installed . | . . . Triggered . | . . . Machines | -11 -10 -10 ---------- Run | Yrd Mat Min Machines Disabled 5 | . 1 4 Max in Single Turn 4 | . 1 4 Machines Repaired . | . . . Machines Dismantled . | . . . Machines Sabotaged . | . . . Overloaded Fab Kills . | . . . Hacking | -11 -10 -10 --------- Run | Yrd Mat Min Machines Accessed 3 | . 3 . Terminals 3 | . 3 . Fabricators . | . . . Repair Stations . | . . . Recycling Units . | . . . Scanalyzers . | . . . Garrison Access . | . . . Total Hacks 7 | . 7 . Successful 4 | . 4 . Failed 3 | . 3 . Catastrophic 1 | . 1 . Database Lockouts . | . . . Manual 3 | . 3 . Terminals 7 | . 7 . Fabricators . | . . . Repair Stations . | . . . Recycling Units . | . . . Scanalyzers . | . . . Garrison Access . | . . . Terminal Hacks 4 | . 4 . Record 2 | . 2 . Hauler Manifests 1 | . 1 . Zone Layout 1 | . 1 . Fabricator Hacks . | . . . Repair Station Hacks . | . . . Recycling Unit Hacks . | . . . Scanalyzer . | . . . Garrison Access Hacks . | . . . Unauthorized Hacks . | . . . Terminals . | . . . Fabricators . | . . . Repair Stations . | . . . Recycling Units . | . . . Scanalyzers . | . . . Garrison Access . | . . . Data Cores Recovered . | . . . Used . | . . . Hacking Detections 2 | . 2 . Full Trace Events . | . . . Feedback Events . | . . . Feedback Blocked . | . . . Robot Schematics Acquired . | . . . Robots Built . | . . . Authchips . | . . . Time . | . . . Total Robot Build Rating . | . . . Part Schematics Acquired . | . . . Parts Built . | . . . Authchips . | . . . Time . | . . . Total Part Build Rating . | . . . Parts Repaired . | . . . Time . | . . . Parts Recycled . | . . . Recycled Matter . | . . . Retrieved Matter . | . . . Retrieved Components . | . . . Parts Scanalyzed . | . . . Part Schematics Acquired . | . . . Parts Damaged . | . . . Bothacking | -11 -10 -10 ------------ Run | Yrd Mat Min Used RIF Installer . | . . . Robots Hacked . | . . . Non-combat . | . . . Combat . | . . . Robot Hacks Applied . | . . . Relay Couplers Released . | . . . Fabnet Peak Effective % . | . . . Robots Rewired . | . . . Allies Hacked . | . . . Hacks Repelled . | . . . Allies | -11 -10 -10 -------- Run | Yrd Mat Min Total Allies . | . . . Largest Group . | . . . Highest-Rated Group . | . . . Highest-Rated Ally . | . . . Total Orders . | . . . Ally Attacks . | . . . Total Damage . | . . . Kills . | . . . Allies Corrupted . | . . . Allies Melted 1 | . . 1 Intel | -11 -10 -10 ------- Run | Yrd Mat Min Robot Analysis Total . | . . . Derelict Logs Recovered 2 | . . 2 Drone Launches . | . . . Drone Recoveries . | . . . Exploration | -11 -10 -10 ------------- Run | Yrd Mat Min Turns Passed 1022 | 113 640 269 Spaces Moved 888 | 76 491 321 Core 20 | 13 . 7 Treads . | . . . Legs 231 | 63 168 . Wheels 356 | . 323 33 Hover 281 | . . 281 Flight . | . . . Fastest Speed 50 | 50 100 56 Average Speed 97 | 110 112 72 Slowest Speed 450 | 120 190 450 Overloaded Moves . | . . . Propulsion Burnouts . | . . . Robots Hopped . | . . . Cave-ins Triggered . | . . . Exploration Rate (%) 31 | 3 54 38 Regions Visited 2 Branch Regions 1 Pre-discovered Areas 1 | . . 1 Known Exits Taken . | . . . Unknown Exits Taken 2 | 1 1 . Scrap Searched 1 | . . 1 Spaces Dug 16 | . 16 . Terrain Destroyed 159 | . 79 80 Melee . | . . . Projectile . | . . . AOE 159 | . 79 80 Terrain Rammed . | . . . Walls Destroyed . | . . . Machines Disabled . | . . . Actions | -11 -10 -10 --------- Run | Yrd Mat Min Total 986 | 91 542 353 Wait 7 | . . 7 Move 886 | 75 490 321 Hop . | . . . Pick Up 20 | 3 16 1 Fast Attach 11 | 7 2 2 Attach 12 | . 4 8 Detach 2 | . . 2 Swap 3 | . 2 1 Drop 11 | . 6 5 Fire 33 | 6 22 5 Melee . | . . . Ram 1 | . . 1 Kick . | . . . Crush . | . . . Escape Stasis . | . . . Rewire . | . . . Trap . | . . . Miscellaneous . | . . . Route ------- -11/Scrapyard -10/Materials (discovered 3 exits: *Mat x2 / [*Min]) -10/Mines (discovered 1 exit: Mat) History --------- Turn | Location | Event 16 | -11/Scrapyard | Discovered new exit (range 15) 114 | -11/Scrapyard | Entered Materials 148 | -10/Materials | Discovered new exit (range 14) 305 | -10/Materials | Build established: Mutant 467 | -10/Materials | Discovered new exit (range 7) 533 | -10/Materials | Discovered new exit (range 11) 600 | -10/Materials | Core integrity fell below 50% 604 | -10/Materials | Lost 4 parts (1p1n1u1w) 754 | -10/Materials | Entered Mines 855 | -10/Mines | Learned Materials garrison access intel 880 | -10/Mines | Identified exit to Materials 883 | -10/Mines | Learned location of Storage (-8) 909 | -10/Mines | Assembled infested the area 914 | -10/Mines | Assisted by a Guerilla fighting off Assembled 938 | -10/Mines | Core integrity fell below 20% 970 | -10/Mines | Lost 3 parts (1n1u1w) 1023 | -10/Mines | Destroyed self with Rocket Launcher Last Messages --------------- 00939_ The unstable cave ceiling collapses. 00939_ Lgt. Assault Rifle destroyed. 00942_ U-05 Engineer lays Concrete. 00943_ The unstable cave ceiling collapses. 00943_ as-94902 destroyed. 00943_ as-51503 destroyed. 00944_ The unstable cave ceiling collapses. 00944_ U-05 Engineer lays Concrete. 00966_ Acquired 16 matter. 00968_ Acquired Imp. Terrain Scanner. 00969_ Acquired 10 matter. 00983_ Slammed into T-07 Excavator. 00986_ Destroyed Asb. Hover Unit. 00986_ as-45886 destroyed. 00986_ as-21191 destroyed. 00989_ Destroyed Asb. Hover Unit. 00989_ as-47177 destroyed. 01005_ Acquired 43 matter. 01017_ The unstable cave ceiling collapses. 01023_ as-67688 destroyed. Map ----- +----------------------------------------------------+ | ??????????????### ##?????# # | | ??????????#####?## ##???????# | | ????????### #### ##?????????# | | ????????# ##??###????# | | ????????# ### ##???# | | ????????### ###### #????# | | ??????????# ##????## #?????# | | ???????#??# ##??????# ##?????## | | ??????????#####??????## ##?????### | | ???????????????#??????# ###?????# | | ??????????????????????# ######### # | | ???????????????#??????# [[%]! | | ?????????????????###### ######### % | | ????????????#????# % #?????## | | ?????????????????# ### #????# | | ?????????????????# #?# #????# | | ?????????????????#*#### #???## | | ????????????###### #??## ##???# | | ?????????#### #?#?#####??#??# | | ??????????# # # ####????????????## | | #????????## # #??????????????# | | ????????## ##########?????## | | #???????# a ##;;;; #;;##?????# ## | | ????#???# #?????##?## | | ????????## # % ##????????# | | ?????????# @ ;######???# | | ?????##?## ##?## | | ????## ## t ### | | ????# ## | | ???## ####; ## | | ???# #??#; # # | | ???# ##?#" ## | | ???# #?##;;;; ## | | ???## #??###### ## | | ????## ######???????################# | | ?????###?????????????????????????????? | | ???#?????????????????#???????????????? | | | | | | | | | | | | | | | | | | | | | | | | | | | +----------------------------------------------------+ Best States ------------- Heat Dissipation 25 Energy Generation 14 Energy Capacity 250 Matter Stores 300 Matter Capacity 300 Sight Range 16 Robot Scan Range 14 Terrain Scan Range 16 Terrain Scan Density 10 Evasion (%) 55 Item Schematics ----------------- None Robot Schematics ------------------ None Fabricated ------------ Nothing Alien Tech Used ----------------- None Achievements -------------- None Challenges ------------ None Game ------ Seed CannonNullMonowheel Manual? 0 Play Time 00:27:40 Cumulative 15.0 hours Start 2024.05.13 @ 01:13:21 End 2024.05.13 @ 13:43:13 Sessions 1 Manual Loads 0 Difficulty Rogue Special Mode None Game No. 34 Rogue 34 Adventurer 0 Explorer 0 Win Type - Total 0 Types 0/0/0/0/0/0/0/0/0 Lore% 15 Gallery% 14 Achievement% 15 Wizard Run 0 Options --------- Layout 1 ASCII 0 Keyboard 0 Movement Arrows Keybinds 0 Fullscreen 1 Font 24/Smallcaps Map View 50x40 Zoom Use 0% Tactical HUD 1 Map Filters NONE Filters NONE Steam 1 RUN: 7c6b979c-1530-4f5c-9798-64c397891288